 Dungeon Crawl Stone Soup version 0.30.0 (webtiles) character file.

Game seed: 14804942715004826238

22 BoldKobold the Chopper (level 2, 7/27 HPs)
             Began as a Hill Orc Chaos Knight on June 21, 2023.
             Was a Plaything of Xom.
             Quit the game on level 1 of the Dungeon on Jan 5, 2024.
             The game lasted 00:02:45 (318 turns).

BoldKobold the Chopper (Hill Orc Chaos Knight)       Turns: 318, Time: 00:02:46

Health: 7/27       AC:  6    Str: 14    XL:     2   Next: 91%
Magic:  2/2        EV: 11    Int: 12    God:    Xom [......]
Gold:   11         SH:  0    Dex: 10    Spells: 1/1 levels left

rFire   . . .        a - +0 hand axe (chaos)
rCold   . . .        (no shield)
rNeg    . . .        b - +2 leather armour
rPois   .            d - +0 helmet
rElec   .            (no cloak)
rCorr   .            (no gloves)
SInv    .            (no boots)
Will    .....        (no amulet)
Stlth   +            (no ring)
HPRegen 0.24/turn    (no ring)
MPRegen 0.08/turn

%: no passive effects
@: no status effects
A: no striking features
a: Renounce Religion


You were on level 1 of the Dungeon.
You worshipped Xom.
You were a very special plaything of Xom.
You visited 1 branch of the dungeon, and saw 1 of its levels.

You collected 11 gold pieces.

Inventory:

Hand Weapons
 a - a +0 hand axe of chaos (weapon)
Armour
 b - a +2 leather armour (worn)
 d - a +0 helmet (worn)
Potions
 e - a potion of heal wounds {unknown}
 f - a potion of brilliance {unknown}
Miscellaneous
 c - a piece from Xom's chessboard (15/15) (quivered)


   Skills:
 + Level 4.0 Fighting
 + Level 4.6 Axes
 + Level 2.5 Armour
 + Level 1.0 Dodging


You had one spell level left.
You didn't know any spells.
Your spell library was empty.

Dungeon Overview and Level Annotations

Branches:
Dungeon (1/15)

Altars:


Message History

You are too injured to fight recklessly!
You are too injured to fight recklessly!
You are too injured to fight recklessly!
You are too injured to fight recklessly!
You are too injured to fight recklessly!
You are too injured to fight recklessly!
You are too injured to fight recklessly!
You are too injured to fight recklessly!
You are too injured to fight recklessly!
You are too injured to fight recklessly!
You are too injured to fight recklessly!
You are too injured to fight recklessly!
You are too injured to fight recklessly!
You hit the gnoll. You burn the gnoll.
The gnoll is heavily wounded.
The gnoll hits you with a +0 whip.
* * * LOW HITPOINT WARNING * * *
You closely miss the gnoll.
The gnoll is heavily wounded.
The gnoll hits you but does no damage.
You hit the gnoll. You burn the gnoll.
The gnoll is severely wounded.
The gnoll hits you with a +0 whip.
* * * LOW HITPOINT WARNING * * *
You hit the gnoll.
You kill the gnoll!
Your Fighting skill increases to level 4!
Things that are here:
a +0 whip; a gnoll corpse You are now a very special plaything of Xom.
Welcome back, BoldKobold the Hill Orc Chaos Knight.
Xom snickers.
Press ? for a list of commands and other information.
Welcome back, BoldKobold the Hill Orc Chaos Knight.
Xom snickers.
Press ? for a list of commands and other information.
Welcome back, BoldKobold the Hill Orc Chaos Knight.
Xom titters.
Press ? for a list of commands and other information.
Are you sure you want to abandon this character and quit the game? (Confirm with "yes".)

###.######.#####.#..#.#
#.# #.# #.# #.#..#.#
#.# #.# #.# #......#
#.# #.# #.#..#.# #.#
#.# #.#..# #.# #.#
#)#..# #. #.#####.#..#
#..........#
.......@##.# #########
#


There were no monsters in sight!

Vanquished Creatures
  A gnoll (D:1)
  A dart slug (D:1)
  2 ball pythons (D:1)
  An endoplasm (D:1)
  A hobgoblin (D:1)
  A kobold (D:1)
  A bat (D:1)
  A frilled lizard (D:1)
  A goblin (D:1)
10 creatures vanquished.

Notes
Turn   | Place    | Note
-------+----------+-------------------------------------------
     0 | D:1      | BoldKobold the Hill Orc Chaos Knight began the quest for
                  | the Orb.
     0 | D:1      | Reached XP level 1. HP: 19/19 MP: 1/1
    29 | D:1      | XOM: silly message
    84 | D:1      | Reached skill level 1 in Dodging
    97 | D:1      | XOM: silly message
   135 | D:1      | Reached XP level 2. HP: 27/27 MP: 2/2
   151 | D:1      | XOM: divination: magic mapping
   318 | D:1      | Quit the game

Illustrated notes

Levels and vault maps discovered:
D:1:      amcnicky_arrival_wind_blow, layout_basic, serial_park_tiny_1

Skill      XL: |  1  2 |
---------------+-------+-----
Dodging        | 1 |  1.0
Fighting       | 4 |  4.0
Axes           | |  4.6
Armour         | |  2.5

Action                     || total
---------------------------++-------
  Melee: Hand axe          ||    27
 Armour: Leather armour    ||    11
  Dodge: Dodged            ||    15
